AoeStats
← Giovanni Giorgio

Arabia

510126574Analyzed
3v3 RM · 2d ago on Sep 29, 2026· 50m 35s· 6 players
Game mode
Random Map
Map size
Normal (6 player)
Population
200
Speed
Normal
Resources
Standard
Victory
Conquest
Starting age
Dark Age
Ending age
Imperial Age
RankedLock teamsTeams togetherTeam positionsShared explorationLock speedFull tech treeHidden civsTurbo modeCheats
Victory
Defeat
🇵🇱 Vietnamese · Poland
800
+15
🇵🇱 Danes · Poland
789
+16
🇵🇱 Sicilians · Poland
787
+16
🇯🇵 Khmer · Japan
827
-18
🇺🇦 Lithuanians · Ukraine
761
-15
🇺🇸 Danes · United States
753
-14
ROCKET
13:36 Feudal Age
16:34 Wheelbarrow
knight
8:04 Loom
10:23 Feudal Age
17:17 Castle Age
15:11 Horse Collar
15:20 Double-Bit Axe
17:26 Gold Mining
20:06 Forging
20:59 Wheelbarrow
23:03 Scale Barding Armor
23:39 Iron Casting
24:46 Bow Saw
25:42 Husbandry
25:54 Bloodlines
26:23 Gold Shaft Mining
27:22 Chain Barding Armor
35:43 Imperial Age
35:21 Hand Cart
38:46 Chemistry
38:15 Heavy Plow
40:40 Plate Barding Armor
39:32 Elite Ballista Elephant
40:48 Ballistics
43:41 Double Crossbow
44:13 Siege Engineers
44:56 Crop Rotation
45:49 Conscription
46:05 Fletching
46:48 Stone Mining
47:29 Bodkin Arrow
48:53 Stone Shaft Mining
Raidho
0:29 Loom
12:49 Feudal Age
13:16 Double-Bit Axe
13:23 Stone Mining
13:24 Gold Mining
14:42 Wheelbarrow
15:54 Town Watch
17:08 Horse Collar
18:12 Arson
21:06 Fletching
22:28 Scale Mail Armor
22:38 Forging
22:03 Man-at-Arms
32:19 Castle Age
33:58 Gold Shaft Mining
34:04 Stone Shaft Mining
33:35 Hamask
34:55 Hand Cart
37:30 Ballistics
38:53 Fervor
40:37 Devotion
41:17 Masonry
42:31 Murder Holes
43:25 Heavy Plow
44:09 Town Patrol
46:22 Guard Tower
46:34 Caravan
47:05 Coinage
48:35 Gambesons
48:51 Squires
51:39 Imperial Age
50:30 Chain Mail Armor
50:50 Iron Casting
50:11 Bodkin Arrow
51:01 Iron Casting
51:12 Bow Saw
| XG | GAMBA. BIG YAHU
0:52 Loom
10:58 Feudal Age
11:04 Man-at-Arms
11:30 Arson
21:08 Castle Age
21:39 Gambesons
22:00 Squires
27:05 Double-Bit Axe
29:27 Wheelbarrow
33:07 Hand Cart
35:04 Forging
39:48 Imperial Age
37:46 Hamask
39:48 Bow Saw
39:22 Horse Collar
40:49 Iron Casting
40:15 Scale Mail Armor
39:58 Northmen's Fury
40:03 Elite Varangian Guard
40:19 Elite Jomsviking
41:57 Onager
44:00 Conscription
43:46 Siege Onager
45:01 Caravan
49:40 Siege Engineers
MaCo67
11:22 Feudal Age
12:16 Loom
16:02 Double-Bit Axe
16:04 Horse Collar
19:03 Fletching
20:58 Padded Archer Armor
24:11 Castle Age
25:58 Wheelbarrow
25:36 Bow Saw
26:21 Squires
26:07 Arson
26:05 Pikeman
28:41 Forging
28:37 Scale Barding Armor
32:49 Thumb Ring
38:35 Imperial Age
38:18 Ballistics
38:54 Leather Archer Armor
38:07 Elite Skirmisher
42:05 Two-Man Saw
43:54 Paper Money
43:24 Elite Rattan Archer
43:49 Halberdier
45:23 Heavy Plow
45:22 Bodkin Arrow
45:57 Ring Archer Armor
46:40 Chemistry
46:27 Bracer
47:32 Caravan
47:44 Guilds
49:17 Stone Mining
49:20 Gold Mining
Giovanni Giorgio
5:57 Loom
12:38 Feudal Age
13:05 Horse Collar
13:13 Double-Bit Axe
17:53 Gold Mining
24:20 Stone Mining
30:16 Castle Age
28:18 Scale Mail Armor
28:29 Forging
32:01 Gold Shaft Mining
31:38 Bow Saw
31:31 Heavy Plow
30:55 Pikeman
35:01 Wheelbarrow
34:12 Town Watch
36:35 Hand Cart
37:03 Stone Shaft Mining
37:07 Iron Casting
36:48 Chain Mail Armor
36:40 Scale Barding Armor
41:07 Imperial Age
38:40 Town Patrol
40:00 Husbandry
40:13 Bloodlines
40:07 Squires
39:52 Arson
43:17 Hauberk
43:33 Conscription
42:57 Cavalier
44:42 Blast Furnace
44:03 Chain Barding Armor
44:13 Plate Mail Armor
44:11 Caravan
46:29 Halberdier
Connection lost

Rejoining the realm…

Still unreachable

The connection could not be restored.

Session expired

The server has moved on; the page needs a fresh start.